 Seeded DCSS version 0.31-a0-208-gdb31a4691d (webtiles) character file.

Game seed: 14209007432101048097 (custom seed)

23 innerfire43 the Trooper (level 2, -2/24 HPs)
             Began as a Demonspawn Monk on June 28, 2023.
             Was a Believer of Vehumet.
             Slain by a gnoll
             ... wielding a +0 spear
              (3 damage)
             ... on level 2 of the Dungeon.
             The game lasted 00:00:51 (924 turns).

innerfire43 the Trooper (Demonspawn Monk)            Turns: 924, Time: 00:00:51

Health: -2/24      AC:  2    Str: 11    XL:     2   Next: 75%
Magic:  2/2        EV: 13    Int: 11    God:    Vehumet [**....]
Gold:   35         SH:  0    Dex: 15    Spells: 1/1 levels left

rFire   . . .        a - +0 hand axe
rCold   . . .        d - orb {light}
rNeg    . . .        b - +0 robe
rPois   .            (helmet restricted)
rElec   .            (no cloak)
rCorr   .            (no gloves)
SInv    .            (no boots)
Will    .....        (no amulet)
Stlth   +            (no ring)
HPRegen 0.24/turn    (no ring)
MPRegen 0.08/turn

%: no passive effects
@: glowing
A: horns 1
a: Renounce Religion


You were on level 2 of the Dungeon.
You worshipped Vehumet.
Vehumet was pleased with you.
You visited 1 branch of the dungeon, and saw 2 of its levels.

You collected 35 gold pieces.

Inventory:

Hand Weapons
 a - a +0 hand axe (weapon)
Armour
 b - a +0 robe (worn)
 d - an orb of light (worn)
Jewellery
 g - an amulet of the acrobat
Scrolls
 e - 3 scrolls of identify {unknown}
Potions
 c - a potion of ambrosia
 f - a potion of brilliance {unknown}
 h - a potion of magic {unknown}


   Skills:
 + Level 3.4 Fighting
 + Level 3.0 Axes
 + Level 3.0 Dodging


You had one spell level left.
You didn't know any spells.
Your spell library was empty.

Dungeon Overview and Level Annotations

Branches:
Dungeon (2/15)

Altars:
Vehumet


Innate Abilities, Weirdness & Mutations

You have a pair of small horns on your head.


Message History

Done exploring.
No target in view!
There is a stone staircase leading down here.
You climb downwards.
The gnoll shouts!
Found an escape hatch in the ceiling.
There is a stone staircase leading up here.
There are monsters nearby!
You hit the gnoll but do no damage. The gnoll hits you with a +0 spear.
There are monsters nearby!
You hit the gnoll. Your headbutt misses the gnoll.
The gnoll is moderately wounded.
The gnoll hits you with a +0 spear.
You hit the gnoll but do no damage.
You headbutt the gnoll, but do no damage.
The gnoll is moderately wounded.
There are monsters nearby!
You hit the gnoll but do no damage. You headbutt the gnoll.
The gnoll is lightly wounded.
The gnoll hits you from afar with a +0 spear.
There are monsters nearby!
You are too injured to fight recklessly!
There are monsters nearby!
You are too injured to fight recklessly!
Unknown command.
You are too injured to fight recklessly!
You are too injured to fight recklessly!
You hit the gnoll.
The gnoll is heavily wounded.
You hit the gnoll.
The gnoll hits you from afar with a +0 spear.
You hit the gnoll.
The gnoll is severely wounded.
You hit the gnoll but do no damage. The gnoll barely misses you.
The gnoll hits you from afar with a +0 spear.
* * * LOW HITPOINT WARNING * * *
The gnoll hits you with a +0 club.
* * * LOW HITPOINT WARNING * * *
The gnoll hits you from afar with a +0 spear.
You die...

# .. #.
..### #
.g.
#...##g##
#.<...g@#
#......##
#......
#.#.#..
#.. ..#
## ...
#..# #..


You could see 3 gnolls.

Vanquished Creatures
  2 ball pythons (D:1)
  An endoplasm (D:1)
  2 giant cockroaches (D:1)
  2 hobgoblins (D:1)
  7 jackals (D:1)
  A kobold (D:1)
  3 frilled lizards (D:1)
  A goblin (D:1)
  A rat (D:1)
20 creatures vanquished.

Notes
Turn   | Place    | Note
-------+----------+-------------------------------------------
     0 | D:1      | innerfire43 the Demonspawn Monk began the quest for the
                  | Orb.
     0 | D:1      | Reached XP level 1. HP: 18/18 MP: 1/1
   105 | D:1      | Gained mutation: You have a pair of small horns on your
                  | head. [demonic ancestry]
   105 | D:1      | Reached XP level 2. HP: 15/24 MP: 2/2
   159 | D:1      | Found a faded altar of an unknown god.
   245 | D:1      | Prayed at the altar of an unknown god.
   245 | D:1      | Became a worshipper of Vehumet
   245 | D:1      | Reached * piety under Vehumet
   245 | D:1      | Offered knowledge of Kiss of Death by Vehumet.
   245 | D:1      | Reached ** piety under Vehumet
   455 | D:1      | Offered knowledge of Foxfire by Vehumet.
   924 | D:2      | HP: 1/24 [gnoll/+0 club (4)]
   924 | D:2      | Slain by a gnoll

Illustrated notes

Levels and vault maps discovered:
D:1:      lemuel_arrival_funnel, layout_basic,
          hellmonk_ecumenical_altar_pennies_from_heaven, minmay_fountain_box,
          minmay_misc_feat_plants, minmay_tree_intersection
D:2:      layout_basic

Skill      XL: |  1  2 |
---------------+-------+-----
Axes           | 3 |  3.0
Dodging        | 3 |  3.0
Fighting       | |  3.4

Action                     || total
---------------------------++-------
  Melee: Hand axe          ||    47
         Headbutt          ||     6
 Armour: Robe              ||     8
  Dodge: Dodged            ||    42

Table legend: (Time is in decaauts)
 A = Elapsed time spent in this place.
 B = Non-inter-level travel time spent in this place.
 C = Inter-level travel time spent in this place.
 D = Time resting spent in this place.
 E = Time spent auto-exploring this place.
 F = Levels seen in this place.
 G = Mean time per level.
                   A        B        C        D        E       F      G
               +--------+--------+--------+--------+--------+-----+--------+
         Total |    933 |    896 |     37 |      0 |    795 |   2 |  466.5 |
       Dungeon |    933 |    896 |     37 |      0 |    795 |   2 |  466.5 |
               +--------+--------+--------+--------+--------+-----+--------+

Top non-repeatable levels by time:
     D:1: 927 daAuts
     D:2: 6 daAuts
